 Dungeon Crawl Stone Soup version 0.19.1-1-g22dce08 (webtiles) character file.

172 Slime the Caller (level 5, -1/28 HPs)
             Began as a Deep Elf Summoner on Dec 31, 2016.
             Killed by nerve-wracking pain
             ... invoked by an orc priest
              (13 damage)
             ... on level 4 of the Dungeon.
             The game lasted 00:11:10 (2688 turns).

Slime the Caller (Deep Elf Summoner)                Turns: 2688, Time: 00:11:11

Health: -1/28      AC:  2    Str:  5    XL:     5   Next: 27%
Magic:  3/13       EV: 13    Int: 24    God:
Gold:   157        SH:  0    Dex: 15    Spells: 4 memorised, 2 levels left

rFire  . . .     SeeInvis .     o - +0 dagger (venom)
rCold  . . .     Gourm    +     a - +0 robe
rNeg   . . .     Faith    .     (no shield)
rPois  .         Spirit   .     (no helmet)
rElec  .         Reflect  .     (no cloak)
rCorr  .         Harm     .     (no gloves)
MR     .....                    (no boots)
Stlth  ++........               e - amulet of the gourmand
                                (no ring)
                                r - +3 ring of intelligence

@: no status effects
A: no striking features
a: no special abilities


You were on level 4 of the Dungeon.
You were full.

You visited 1 branch of the dungeon, and saw 4 of its levels.

You collected 157 gold pieces.

Inventory:

Hand Weapons
 o - a +0 dagger of venom (weapon)
Missiles
 k - 22 poisoned needles
Armour
 a - a +0 robe (worn)
 i - a +2 leather armour of cold resistance
Jewellery
 e - an amulet of the gourmand (around neck)
 h - a cursed ring of loudness
 r - a +3 ring of intelligence (left hand)
Wands
 l - a wand of flame (6/48)
 p - a wand of flame (30/48)
 q - a wand of acid (4/15)
Scrolls
 g - 2 scrolls of amnesia
 m - 2 scrolls of remove curse {unknown}
 n - a scroll of teleportation {unknown}
Potions
 d - 2 potions of heal wounds {unknown}
 f - 3 potions of brilliance {unknown}
 j - a potion of lignification {unknown}
 s - a potion of cancellation {unknown}
Books
 b - a book of Callings

   Spells                             Type                      Level
   a - Summon Small Mammal            Summoning                    1
   b - Call Imp                       Summoning                    2
   c - Call Canine Familiar           Summoning                    3
   d - Summon Guardian Golem          Hexes/Summoning              3
   e - Summon Lightning Spire         Summoning/Air                4
   f - Summon Ice Beast               Ice/Summoning                4
Comestibles
 c - 4 bread rations


   Skills:
 - Level 0.4 Short Blades
 - Level 2.6 Dodging
 - Level 2.4 Stealth
 - Level 4.0 Spellcasting
 * Level 6.7 Summonings


You had 2 spell levels left.
You knew the following spells:

 Your Spells              Type           Power        Failure   Level  Hunger
a - Summon Small Mammal   Summ           ####         1%          1    None
b - Call Imp              Summ           #####...     1%          2    #......
c - Summon Guardian Gole  Hex/Summ       ###.....     10%         3    ##.....
d - Summon Lightning Spi  Summ/Air       ###.....     28%         4    ####...


Dungeon Overview and Level Annotations

Branches:
Dungeon (4/15)
 Temple: D:4-7

Altars:
Okawaru


Message History

You barely miss the orc priest.
The orc priest is lightly wounded.
The orc priest closely misses you.
Your crimson imp blinks!
You hit the orc priest but do no damage.
The orc priest is poisoned.
The orc priest is lightly wounded.
The orc priest looks braver for a moment.
You closely miss the orc priest.
The orc priest is lightly wounded.
The orc priest closely misses you.
You hit the orc priest but do no damage.
The orc priest looks as sick as possible!
The orc priest is lightly wounded.
The orc priest closely misses you.
You barely miss the orc priest.
The orc priest is lightly wounded.
The orc priest calls down the wrath of Beogh upon you.
Pain shoots through your body!
You die...

. .. ..# #.†
#.†#########
#).o@8....#
#.########...
#


You could see an orc priest and a friendly guardian golem.

Vanquished Creatures
  A leopard gecko (D:3)
  A hobgoblin (D:3)
  A kobold (D:3)
3 creatures vanquished.

Vanquished Creatures (collateral kills)
  Sigmund (D:3)
  A hound (D:4)
  Jessica (D:3)
  2 adders
  A worm (D:2)
  A dart slug (D:1)
  2 leopard geckos
  4 orcs
  A ball python (D:2)
  7 bats
  8 giant cockroaches
  11 goblins
  12 hobgoblins
  8 frilled lizards
  7 kobolds
  6 rats
73 creatures vanquished.

Grand Total: 76 creatures vanquished

Notes
Turn   | Place    | Note
-------+----------+-------------------------------------------
     0 | D:1      | Slime the Deep Elf Summoner began the quest for the Orb.
     0 | D:1      | Reached XP level 1. HP: 10/10 MP: 6/6
   329 | D:1      | Reached XP level 2. HP: 15/15 MP: 6/8
   381 | D:1      | Learned a level 2 spell: Call Imp
   525 | D:1      | Reached skill level 5 in Summonings
  1099 | D:2      | Reached XP level 3. HP: 19/19 MP: 3/10
  1104 | D:2      | Learned a level 3 spell: Summon Guardian Golem
  1291 | D:2      | Found an iron altar of Okawaru.
  2089 | D:3      | Noticed Jessica
  2096 | D:3      | Killed Jessica
  2242 | D:3      | Reached XP level 4. HP: 23/24 MP: 10/12
  2489 | D:3      | Noticed Sigmund
  2506 | D:3      | Killed Sigmund
  2506 | D:3      | Reached skill level 6 in Summonings
  2506 | D:3      | Reached XP level 5. HP: 17/28 MP: 2/13
  2626 | D:4      | Learned a level 4 spell: Summon Lightning Spire
  2688 | D:4      | Killed from afar by an orc priest

Skill      XL: |  1  2  3  4 |
---------------+-------------+-----
Summonings     | 5 6 |  6.7
Spellcasting   | 4 |  4.0
Short Blades   | |  0.4
Dodging        | |  2.6
Stealth        | |  2.4

Action                   |  1- 3 |  4- 6 || total
-------------------------+-------+-------++-------
Melee: Unarmed           |     9 |       ||     9
       Dagger            |     5 |    12 ||    17
 Cast: Summon Small Mamm |    54 |    16 ||    70
       Call Imp          |    33 |     5 ||    38
       Summon Guardian G |     3 |     6 ||     9
  Use: Scroll            |     5 |     1 ||     6
  Eat: Chunk             |    16 |       ||    16
Armor: Robe              |    15 |    12 ||    27
Dodge: Dodged            |    62 |    19 ||    81
